[Event "Titled Tuesday Blitz January 10 Early 2023"]
[White "Jovic, Stanoje"]
[Black "Barria Zuniga, Daniel"]
[WhiteFideId "905020"]
[BlackFideId "3400816"]
[WhiteElo "2075"]
[BlackElo "2341"]
[Result "0-1"]
[Round "11"]
[TimeControl "180+2"]
[Date "2023.01.10"]
[WhiteClock "0:00:02"]
[BlackClock "0:01:08"]

1. c4 e6 2. g3 g6 3. Bg2 Bg7 4. Nf3 Ne7 5. O-O d5 6. d4 O-O 7. Nc3 Nbc6 8. cxd5 exd5 9. Bg5 h6 10. Bf4 g5 11. Bc1 Nf5 12. e3 Nce7 13. Ne5 c6 14. f4 f6 15. Nd3 Nd6 16. e4 dxe4 17. Nxe4 Nxe4 18. Bxe4 Qxd4+ 19. Nf2 Qxd1 20. Rxd1 Be6 21. h4 gxh4 22. g4 f5 23. Rd6 Kf7 24. Bf3 Rfd8 25. Rxd8 Rxd8 26. Be3 b6 27. Re1 Bxb2 28. gxf5 Nxf5 29. Bh5+ Ke7 30. Ng4 Nxe3 31. Nxe3 Bc3 32. Re2 Rd2 33. a4 Rxe2 34. Bxe2 Bd4 35. Kf2 h3 36. Bf3 Bd5 0-1


[Site "https://www.chess.com"]

[Event "Titled Tuesday Blitz January 10 Early 2023"]
[White "Shuvalov, Evgenij"]
[Black "Piesik, Piotr"]
[WhiteFideId "4187237"]
[BlackFideId "1136194"]
[WhiteElo "2038"]
[BlackElo "2426"]
[Result "1/2-1/2"]
[Round "11"]
[TimeControl "180+2"]
[Date "2023.01.10"]
[WhiteClock "0:00:12"]
[BlackClock "0:00:15"]

1. d4 c5 2. Nf3 cxd4 3. Nxd4 d5 4. c4 dxc4 5. Qa4+ Bd7 6. Qxc4 e5 7. Nf3 Nc6 8. Ng5 Nh6 9. Nc3 Rc8 10. Qd3 Be7 11. Nge4 Nf5 12. e3 O-O 13. Be2 Nb4 14. Qd1 Be6 15. O-O Qxd1 16. Rxd1 Rfd8 17. Rxd8+ Rxd8 18. Bd2 Nd6 19. Nxd6 Rxd6 20. Ne4 Rc6 21. Bxb4 Bxb4 22. a3 Be7 23. Nc3 f5 24. Kf1 Kf7 25. Ke1 e4 26. Kd2 Bb3 27. Bd1 Rd6+ 28. Ke1 Be6 29. Rc1 Bf6 30. Nb5 Rb6 31. Rc7+ Kg6 32. Nd4 Bxd4 33. exd4 Rxb2 34. h4 Kf6 35. g3 a5 36. a4 Rb4 37. d5 Bxd5 38. Rc5 Bc6 39. Rxa5 Rb1 40. Kd2 Rb2+ 41. Ke1 g6 42. Ra7 h6 43. a5 Ra2 44. Be2 Ke5 45. a6 bxa6 46. Rxa6 Rxa6 47. Bxa6 f4 48. gxf4+ Kxf4 49. Be2 Bd7 50. Kf1 Bg4 51. Bc4 Bh5 52. Kg2 Bf3+ 53. Kh2 Kg4 54. Bf7 Kf5 55. Kg3 Bd1 56. Bc4 Bc2 57. Bb5 Bd3 58. Bd7+ Ke5 59. Bg4 Bc4 60. Bd1 Be6 61. Be2 Bf5 62. Bd1 Kd4 63. Be2 Kc3 64. Bd1 Kd2 65. Bb3 g5 66. hxg5 hxg5 67. Bd5 Kc3 68. Bc6 Kd4 69. Bb7 Ke5 70. Ba6 Be6 71. Be2 Bd5 72. Bd1 Kf5 73. Bg4+ Kf6 74. Be2 Be6 75. Bd1 Bf5 76. Be2 Ke5 77. Bd1 Kd4 78. Be2 Kd5 79. Bd1 Kc5 80. Be2 Kd4 81. Bd1 Kd3 82. Ba4 e3 83. fxe3 Kxe3 84. Bc6 Be4 85. Bxe4 Kxe4 86. Kg4 Ke5 87. Kxg5 1/2-1/2


[Site "https://www.chess.com"]

[Event "Titled Tuesday Blitz January 10 Early 2023"]
[White "Ortega Ruiz, Jose Miguel"]
[Black "Hamley, Ryan"]
[WhiteFideId "2209713"]
[BlackFideId "30959497"]
[WhiteElo "2351"]
[BlackElo "2092"]
[Result "0-1"]
[Round "11"]
[TimeControl "180+2"]
[Date "2023.01.10"]
[WhiteClock "0:01:43"]
[BlackClock "0:00:59"]

1. g3 g6 2. Bg2 Bg7 3. d4 d6 4. e4 Nf6 5. Ne2 O-O 6. O-O c6 7. Nbc3 e5 8. dxe5 dxe5 9. Be3 Ng4 10. Bc5 Re8 11. h3 Nf6 12. a4 Nbd7 13. Be3 Qe7 14. a5 Nc5 15. b4 Ne6 16. b5 Rd8 17. Qb1 Nd4 18. a6 bxa6 19. bxc6 Nxc6 20. Nd5 Qd6 21. Rd1 Nxd5 22. exd5 Nd4 23. Nxd4 exd4 24. Bf4 Qc5 25. d6 Bf5 26. Bxa8 Bxc2 27. Qb7 g5 28. Bxg5 Qxg5 29. Re1 d3 30. Qd5 Qxd5 31. Bxd5 d2 32. d7 dxe1=Q+ 33. Rxe1 Rxd7 34. Bf3 Bd4 35. Re8+ Kg7 36. h4 a5 37. Re2 Bd1 38. Bg4 Bxe2 39. Bxd7 Bd1 40. Kf1 a4 41. Ke1 a3 42. Be6 fxe6 0-1


[Site "https://www.chess.com"]

[Event "Titled Tuesday Blitz January 10 Early 2023"]
[White "Ashraf, Artin"]
[Black "Fernandez Garcia, Gumersindo"]
[WhiteFideId "22514805"]
[BlackFideId "24516740"]
[WhiteElo "2314"]
[BlackElo "2160"]
[Result "1-0"]
[Round "11"]
[TimeControl "180+2"]
[Date "2023.01.10"]
[WhiteClock "0:01:29"]
[BlackClock "0:00:37"]

1. e4 d6 2. d4 Nf6 3. Nc3 e5 4. Nf3 Nbd7 5. Bc4 Be7 6. O-O c6 7. a4 O-O 8. a5 Re8 9. Bxf7+ Kxf7 10. Ng5+ Kg8 11. Ne6 Nf8 12. Nxd8 Rxd8 13. d5 c5 14. f3 Ng6 15. Be3 h5 16. Qe2 Bd7 17. Rfd1 Rf8 18. Ra3 Rae8 19. Rb3 Bc8 20. Nb5 a6 21. Na7 Bd7 22. Rxb7 Bd8 23. Qxa6 h4 24. Qxd6 Be7 25. Qb6 Bd8 26. Qxc5 h3 27. g3 Rf7 28. Nc6 Nh5 29. Qd6 Nf6 30. a6 Bc8 31. Rxf7 Kxf7 32. Nxd8+ 1-0


[Site "https://www.chess.com"]

[Event "Titled Tuesday Blitz January 10 Early 2023"]
[White "Maksimenko, Viktor"]
[Black "Gjestemoen-VonHirsch, Andre"]
[WhiteFideId "13710478"]
[BlackFideId "1539531"]
[WhiteElo "2196"]
[BlackElo "2314"]
[Result "1-0"]
[Round "11"]
[TimeControl "180+2"]
[Date "2023.01.10"]
[WhiteClock "0:00:36"]
[BlackClock "0:00:03"]

1. d4 g6 2. e4 Bg7 3. Nc3 c5 4. d5 d6 5. Bb5+ Bd7 6. a4 Bxc3+ 7. bxc3 Nf6 8. f3 Qa5 9. Bd2 Bxb5 10. c4 Qc7 11. cxb5 Nbd7 12. a5 O-O 13. c4 e6 14. Ne2 exd5 15. cxd5 Rfe8 16. O-O b6 17. Bc3 a6 18. axb6 Qxb6 19. bxa6 Rxa6 20. Rb1 Qc7 21. Qd2 Rea8 22. Qg5 Ne8 23. h4 Ra2 24. Nf4 Ne5 25. h5 Rc2 26. Ba1 Raa2 27. Rfc1 Rxg2+ 28. Qxg2 Rxg2+ 29. Kxg2 Qd8 30. Bxe5 dxe5 31. Nh3 Qc7 32. h6 Kf8 33. Nf2 c4 34. Ra1 f5 35. Ra6 Qb7 36. Rc6 fxe4 37. fxe4 Nd6 38. Rxd6 Qe7 39. Nh3 Qxd6 40. Rxc4 Ke7 41. Rc6 Qa3 42. Re6+ Kf7 43. Ng5+ Kf8 44. Nxh7+ Kg8 45. Ng5 Qb2+ 46. Kh3 Qc3+ 47. Kg4 Qe3 48. Re8# 1-0


[Site "https://www.chess.com"]

[Event "Titled Tuesday Blitz January 10 Early 2023"]
[White "Sanchez, Robert"]
[Black "Yuan, Qingyu"]
[WhiteFideId "2034360"]
[BlackFideId "8609772"]
[WhiteElo "1966"]
[BlackElo "2373"]
[Result "1/2-1/2"]
[Round "11"]
[TimeControl "180+2"]
[Date "2023.01.10"]
[WhiteClock "0:00:17"]
[BlackClock "0:00:03"]

1. e4 e5 2. Nf3 Nc6 3. Bb5 Nf6 4. d3 Bc5 5. Nc3 Nd4 6. Nxd4 exd4 7. Ne2 c6 8. Bc4 d5 9. exd5 Nxd5 10. O-O O-O 11. Ng3 Nb6 12. Bb3 Bd6 13. Qh5 g6 14. Qh6 Be5 15. Bg5 Bg7 16. Qh4 Qd7 17. h3 Nd5 18. Rfe1 f6 19. Bh6 g5 20. Qh5 Qf7 21. Bxg7 Kxg7 22. Qe2 Bd7 23. Qf3 Rae8 24. Nf5+ Bxf5 25. Qxf5 a6 26. Qg4 a5 27. Qxd4 Rd8 28. Qg4 h5 29. Qf5 Qg6 30. Qxg6+ Kxg6 31. Bxd5 Rxd5 32. Re7 Rf7 33. Rae1 Rb5 34. b3 Rc5 35. c4 Rf5 36. Re8 Rf4 37. R1e4 Rxe4 38. dxe4 Rd7 39. g3 Rd2 40. Re7 Rxa2 41. Rxb7 Rb2 42. Rb6 a4 43. Rxc6 axb3 44. Rb6 Rc2 45. Rxb3 Rxc4 46. Re3 g4 1/2-1/2


[Site "https://www.chess.com"]

[Event "Titled Tuesday Blitz January 10 Early 2023"]
[White "Borges Feria, Yasel"]
[Black "Mendez Fortes, Eduardo Jesus"]
[WhiteFideId "3504921"]
[BlackFideId "3502376"]
[WhiteElo "2439"]
[BlackElo "2250"]
[Result "1-0"]
[Round "11"]
[TimeControl "180+2"]
[Date "2023.01.10"]
[WhiteClock "0:00:13"]
[BlackClock "0:00:10"]

1. d4 Nf6 2. c4 e6 3. Nf3 d5 4. g3 dxc4 5. Bg2 a6 6. O-O Nc6 7. Bg5 Be7 8. Bxf6 Bxf6 9. e3 Rb8 10. Nfd2 e5 11. d5 Na5 12. Qa4+ c6 13. Nxc4 Nxc4 14. Qxc4 cxd5 15. Bxd5 O-O 16. Nc3 b5 17. Qb3 Qb6 18. Rfd1 Be7 19. Rac1 Bg4 20. Rd2 a5 21. Qc2 Bh5 22. Qf5 Bg6 23. Qxe5 Bf6 24. Qf4 Rbc8 25. Rcd1 a4 26. Ne4 Bxe4 27. Qxe4 b4 28. h4 Rfe8 29. Qf3 h6 30. b3 a3 31. Qh5 Rc7 32. Qf5 Rec8 33. Be4 g6 34. Qf3 Kg7 35. Bd5 Rc1 36. Kg2 Qc5 37. e4 Qe7 38. Qe2 R1c3 39. f4 Qe8 40. e5 Bd8 41. e6 f5 42. Bc4 Bf6 43. Rd7+ Kh8 44. e7 Kg7 45. Qe6 Rc2+ 46. Kh3 Rxa2 47. Rd8 Rxd8 48. Rxd8 Qxe7 49. Qg8# 1-0


[Site "https://www.chess.com"]

[Event "Titled Tuesday Blitz January 10 Early 2023"]
[White "Tanenbaum, Zachary"]
[Black "Janaszak, Dawid"]
[WhiteFideId "2060850"]
[BlackFideId "1119206"]
[WhiteElo "2261"]
[BlackElo "2316"]
[Result "0-1"]
[Round "11"]
[TimeControl "180+2"]
[Date "2023.01.10"]
[WhiteClock "0:00:42"]
[BlackClock "0:00:17"]

1. e4 c6 2. d4 d5 3. exd5 Qxd5 4. Nc3 Qa5 5. Nf3 Nf6 6. Bc4 Bf5 7. Qe2 e6 8. Bd2 Bb4 9. Ne5 Nbd7 10. Nxd7 Nxd7 11. g4 Bg6 12. Bxe6 fxe6 13. Qxe6+ Kd8 14. O-O-O Re8 15. Qb3 Bxc3 16. Bxc3 Qb5 17. Qa3 Qe2 18. Rd2 Qxg4 19. d5 c5 20. Qa5+ b6 21. Qb5 Qf4 22. d6 Qf3 23. Rhd1 a6 24. Qb3 Kc8 25. Qc4 Qe4 26. Qb3 Qe6 27. Qa4 Qe4 28. Qb3 Kb7 29. Bxg7 c4 30. Qb4 a5 31. Qb5 Qc6 32. Qg5 Rac8 33. Bc3 Qc5 34. Rd5 Qxf2 35. Bd4 Qxc2# 0-1


[Site "https://www.chess.com"]

[Event "Titled Tuesday Blitz January 10 Early 2023"]
[White "Kosteniuk, Alexandra"]
[Black "Fisher_TheGalactic"]
[WhiteFideId "4128125"]
[WhiteElo "2535"]
[BlackElo "2530"]
[Result "0-1"]
[Round "11"]
[TimeControl "180+2"]
[Date "2023.01.10"]
[WhiteClock "0:00:05"]
[BlackClock "0:00:20"]

1. e4 b6 2. d4 Bb7 3. Bd3 Nf6 4. Nd2 e6 5. Ne2 d5 6. e5 Nfd7 7. c3 c5 8. f4 Nc6 9. Nf3 g6 10. Be3 Be7 11. O-O Qc7 12. Rc1 c4 13. Bb1 O-O-O 14. b3 Na5 15. b4 Nc6 16. a4 Rdf8 17. a5 b5 18. Bc2 a6 19. Qe1 h5 20. Qg3 Bd8 21. Qh3 Kb8 22. Rf2 Ne7 23. Kf1 Ka7 24. Ke1 Nb8 25. Kd2 Nbc6 26. Rb1 Bc8 27. g3 Qd7 28. Qg2 Bc7 29. Nh4 Bd8 30. Nf3 Bb7 31. h3 Nxa5 32. bxa5 Bxa5 33. Rff1 Nc6 34. Kd1 b4 35. cxb4 Bxb4 36. Ba4 Qe7 37. Nc1 a5 38. Qa2 Rb8 39. Ne2 Kb6 40. Bd2 Kc7 41. Bxc6 Bxc6 42. Bxb4 axb4 43. Qa5+ Rb6 44. Kc2 Ra8 45. Qc5 Qxc5 46. dxc5 b3+ 47. Kc3 Rba6 48. Nfd4 Ra2 49. Rfc1 R8a3 50. Rb2 Ra1 51. Rcb1 R3a2 52. g4 Rxb1 53. Rxb1 h4 54. f5 gxf5 55. gxf5 exf5 56. Rb2 Ra1 57. Nxf5 Bd7 58. Ne3 Be6 59. Nf4 Kc6 60. Kb4 Rc1 61. Rf2 d4 62. Nxe6 dxe3 63. Nd8+ Kd7 64. Rxf7+ Kxd8 65. c6 b2 66. Rf8+ Kc7 67. Rf7+ Kxc6 68. Rf6+ Kd5 0-1


[Site "https://www.chess.com"]

[Event "Titled Tuesday Blitz January 10 Early 2023"]
[White "Begmuratov, Khumoyun"]
[Black "Khamdamova, Afruza"]
[WhiteFideId "14210207"]
[BlackFideId "14210444"]
[WhiteElo "2387"]
[BlackElo "2162"]
[Result "1-0"]
[Round "11"]
[TimeControl "180+2"]
[Date "2023.01.10"]
[WhiteClock "0:00:05"]
[BlackClock "0:00:01"]

1. e4 e5 2. Nf3 Nf6 3. Nc3 Nc6 4. d4 exd4 5. Nxd4 Bb4 6. Nxc6 bxc6 7. Bd3 O-O 8. O-O d5 9. exd5 cxd5 10. Qf3 Rb8 11. h3 c6 12. Ne2 Bd6 13. b3 c5 14. Bf4 Bb7 15. Bxd6 Qxd6 16. Qg3 Qxg3 17. fxg3 Rfe8 18. g4 d4 19. Ng3 Nd5 20. Bc4 g6 21. Rf2 Re7 22. Raf1 Rf8 23. Bxd5 Bxd5 24. Rd1 Rfe8 25. Rfd2 Re1+ 26. Kf2 Rxd1 27. Rxd1 Bc6 28. c3 dxc3 29. Rc1 Rd8 30. Nf1 Rd3 31. a4 Bd5 32. Ke2 c4 33. b4 Bxg2 34. Ne3 Bxh3 35. Nxc4 Rd4 36. Rxc3 Bxg4+ 37. Ke3 Rd8 38. Ne5 Be6 39. b5 h5 40. Nc6 Rd7 41. a5 h4 42. a6 h3 43. Rc2 Rc7 44. b6 Rc8 45. Ne7+ Kg7 46. Nxc8 Bxc8 47. b7 Bf5 48. Rh2 1-0


[Site "https://www.chess.com"]

[Event "Titled Tuesday Blitz January 10 Early 2023"]
[White "Rangel, Daniel"]
[Black "Wagner, Dennis"]
[WhiteFideId "2124475"]
[BlackFideId "24650684"]
[WhiteElo "2207"]
[BlackElo "2595"]
[Result "0-1"]
[Round "11"]
[TimeControl "180+2"]
[Date "2023.01.10"]
[WhiteClock "0:00:02"]
[BlackClock "0:00:23"]

1. c4 g6 2. g3 Bg7 3. Bg2 c5 4. Nc3 Nc6 5. e3 d6 6. Nge2 h5 7. h4 Bg4 8. f3 Be6 9. b3 Nh6 10. Nf4 Nf5 11. Nxe6 fxe6 12. Kf2 Be5 13. f4 Bxc3 14. dxc3 Qa5 15. Bxc6+ bxc6 16. Qd3 O-O 17. Rg1 Rf6 18. g4 hxg4 19. Rxg4 Kf7 20. Bd2 Rh8 21. b4 Qa3 22. bxc5 dxc5 23. e4 Rxh4 24. Rxh4 Nxh4 25. Rh1 g5 26. Ke2 Qxa2 27. fxg5 Rf3 28. Rxh4 Rxd3 29. Kxd3 Qb1+ 30. Ke3 Qg1+ 31. Kf3 Qf1+ 32. Ke3 Kg6 33. Rf4 Qxc4 34. Kf3 Qd3+ 35. Be3 Qxc3 36. Rh4 Qb3 37. Rh6+ Kg7 38. Rh3 a5 39. Kg4 Qd1+ 40. Kh4 Kg6 41. Bf4 a4 42. Kg3 Qg1+ 43. Kf3 Qf1+ 44. Kg4 Qg2+ 45. Bg3 Qxe4+ 46. Bf4 Qg2+ 47. Bg3 Qe2+ 48. Kh4 Qh5# 0-1


[Site "https://www.chess.com"]

[Event "Titled Tuesday Blitz January 10 Early 2023"]
[White "Ronka, Erik"]
[Black "Ilkhomi, Jaloliddin"]
[WhiteFideId "505080"]
[BlackFideId "14700948"]
[WhiteElo "2276"]
[BlackElo "1997"]
[Result "0-1"]
[Round "11"]
[TimeControl "180+2"]
[Date "2023.01.10"]
[WhiteClock "0:01:20"]
[BlackClock "0:02:01"]

1. d4 Nf6 2. Bf4 e6 3. e3 b6 4. Nf3 Bb7 5. Bd3 Be7 6. h3 O-O 7. c4 d5 8. cxd5 exd5 9. O-O Nbd7 10. Nc3 Rc8 11. Rc1 c5 12. dxc5 Nxc5 13. Bb1 Bd6 14. Bxd6 Qxd6 15. Nb5 Qb8 16. Qd4 Ba6 17. a4 Nb3 18. Rc2 Nxd4 0-1


[Site "https://www.chess.com"]

[Event "Titled Tuesday Blitz January 10 Early 2023"]
[White "Musovic, Armin"]
[Black "Tologon tegin, Semetei"]
[WhiteFideId "939935"]
[BlackFideId "13800574"]
[WhiteElo "2261"]
[BlackElo "2372"]
[Result "0-1"]
[Round "11"]
[TimeControl "180+2"]
[Date "2023.01.10"]
[WhiteClock "0:01:03"]
[BlackClock "0:00:25"]

1. a3 d5 2. Nc3 Nf6 3. d3 Bf5 4. Bg5 e6 5. e4 dxe4 6. dxe4 Qxd1+ 7. Rxd1 Bg6 8. f3 c6 9. Nge2 Nbd7 10. Be3 Bc5 11. Kf2 O-O-O 12. Bxc5 Nxc5 13. Nd4 e5 14. Nb3 Nxb3 15. cxb3 Nd7 16. Bd3 f6 17. Bc2 Bf7 18. b4 Nb6 19. b3 Kc7 20. Ke3 Nc8 21. h4 h5 22. Rxd8 Rxd8 23. Rc1 Nd6 24. Bd3 Bxb3 25. g4 hxg4 26. fxg4 Rh8 27. h5 Nf7 28. Ne2 Be6 29. Rg1 Nh6 30. Kf3 Rd8 31. Nc1 Nf7 32. Ke3 Ng5 33. Ne2 b6 34. Rh1 Nf7 35. Rg1 Ra8 36. Nc3 Rd8 37. Ke2 Ng5 38. Nd1 Nh3 39. Rg3 Nf4+ 40. Kd2 Rxd3+ 41. Rxd3 Nxd3 42. Kxd3 Bxg4 43. Ne3 Bxh5 44. Nf5 Bg4 45. Ne3 Be6 46. a4 g6 47. a5 bxa5 48. bxa5 Kb7 49. Kc3 c5 50. Kd3 Ka6 51. Nd5 Bxd5 52. exd5 Kxa5 53. Kc4 Kb6 54. d6 Kc6 0-1


[Site "https://www.chess.com"]

[Event "Titled Tuesday Blitz January 10 Early 2023"]
[White "Kuznetsova, Olga"]
[Black "Djokovic, Nebojsa"]
[WhiteFideId "4191323"]
[BlackFideId "938300"]
[WhiteElo "2142"]
[BlackElo "2119"]
[Result "1-0"]
[Round "11"]
[TimeControl "180+2"]
[Date "2023.01.10"]
[WhiteClock "0:01:04"]
[BlackClock "0:00:15"]

1. d4 e6 2. Bf4 Nf6 3. e3 d5 4. Nd2 Bd6 5. Bg3 O-O 6. Bd3 c5 7. c3 Qc7 8. Ngf3 Nbd7 9. e4 dxe4 10. Nxe4 Nxe4 11. Bxe4 Nf6 12. Bc2 cxd4 13. Nxd4 Rd8 14. Qe2 a6 15. Rd1 b5 16. Bh4 Be7 17. Bxf6 Bxf6 18. Qe4 Bb7 19. Qxh7+ Kf8 20. O-O b4 21. Rfe1 Bxd4 22. cxd4 Ke7 23. Bb3 Rh8 24. Rxe6+ Kd7 25. Qxg7 Qxh2+ 26. Kf1 Qxg2+ 27. Qxg2 Bxg2+ 28. Kxg2 fxe6 29. d5 e5 30. d6 Rag8+ 31. Kf3 Rh4 32. Bxg8 Rf4+ 33. Ke3 Rg4 34. Be6+ Kxe6 35. d7 Rd4 36. d8=Q Rxd8 37. Rxd8 Ke7 38. Ra8 Kd6 39. Rxa6+ Kc5 40. Ke4 Kc4 41. Rc6+ Kb5 42. Kd5 b3 43. axb3 e4 44. Rc4 e3 45. fxe3 Ka5 46. e4 Kb5 47. e5 Kb6 48. e6 Ka5 49. e7 Kb5 50. e8=Q+ Kb6 51. Qc6+ Ka7 52. Ra4+ 1-0


[Site "https://www.chess.com"]

[Event "Titled Tuesday Blitz January 10 Early 2023"]
[White "Tasev, Dejan"]
[Black "Lehtosaari, Mauri"]
[WhiteFideId "936618"]
[BlackFideId "501999"]
[WhiteElo "2205"]
[BlackElo "2176"]
[Result "1/2-1/2"]
[Round "11"]
[TimeControl "180+2"]
[Date "2023.01.10"]
[WhiteClock "0:00:17"]
[BlackClock "0:00:11"]

1. e4 c5 2. Nf3 e6 3. Nc3 Nc6 4. g3 d5 5. exd5 exd5 6. Bg2 Nf6 7. O-O Be7 8. d4 cxd4 9. Nxd4 O-O 10. Nce2 Bg4 11. Be3 a6 12. h3 Bh5 13. c3 Rc8 14. g4 Bg6 15. Ng3 Re8 16. Re1 Ne4 17. Ngf5 Bf6 18. Rc1 Be5 19. Nf3 Bc7 20. Bd4 Nxd4 21. N3xd4 Nd6 22. Rxe8+ Qxe8 23. Qf3 Nxf5 24. Nxf5 Qe5 25. Qxd5 Bxf5 26. Qxe5 Bxe5 27. gxf5 Rc7 28. Rd1 f6 29. Bd5+ Kf8 30. Be6 Ke7 31. Kg2 b5 32. a3 a5 33. Rd3 g6 34. Kf3 b4 35. cxb4 axb4 36. axb4 Bxb2 37. b5 Rb7 38. Rb3 Bd4 39. Ke4 Bb6 40. f3 Rc7 41. Bd5 Ra7 42. Rb4 Kd6 43. Bc6 Re7+ 44. Kf4 Be3+ 45. Kg4 h5+ 46. Kg3 g5 47. h4 Bb6 48. hxg5 fxg5 49. Re4 Rxe4 50. fxe4 Ke5 51. Kh3 Bc7 52. Kg3 Bb6 53. Kh3 Bd8 54. Kg3 Bb6 1/2-1/2


[Site "https://www.chess.com"]

[Event "Titled Tuesday Blitz January 10 Early 2023"]
[White "Kamalidenova, Meruert"]
[Black "Yaksin, Oleg"]
[WhiteFideId "13712802"]
[BlackFideId "24105880"]
[WhiteElo "2350"]
[BlackElo "2389"]
[Result "0-1"]
[Round "11"]
[TimeControl "180+2"]
[Date "2023.01.10"]
[WhiteClock "0:00:05"]
[BlackClock "0:00:08"]

1. e4 c5 2. Nf3 d6 3. d4 cxd4 4. Nxd4 Nf6 5. Nc3 Nc6 6. Bg5 e6 7. Bb5 Bd7 8. Bxc6 bxc6 9. Qd2 Be7 10. O-O-O O-O 11. Kb1 e5 12. Nde2 Ne8 13. Be3 Be6 14. f4 Rb8 15. f5 Bc4 16. g4 Qa5 17. g5 d5 18. exd5 Ba3 19. b3 Nd6 20. g6 Nxf5 21. gxh7+ Kxh7 22. Ng3 Nxe3 23. Qxe3 f5 24. Rhg1 Bc5 25. Qg5 Bxb3 26. cxb3 Qxc3 27. Qh5+ Kg8 28. Rg2 cxd5 29. Nxf5 Rxf5 30. Qxf5 Bd4 31. Rxd4 Qxd4 32. Qe6+ Kh8 33. Qh3+ Kg8 34. Qg3 Qe4+ 35. Kb2 Rb7 36. Rc2 Qd4+ 37. Kb1 Rf7 38. Rc8+ Rf8 39. Rxf8+ Kxf8 40. Qf3+ Ke7 41. Qg3 Qe4+ 42. Kb2 Kf6 43. Qf2+ Qf4 44. Qxa7 Qxh2+ 45. Ka3 d4 46. Qb6+ Kf5 47. Qd8 Ke4 48. Qa8+ Ke3 49. Qd5 e4 50. Qg5+ Qf4 51. Qg1+ Ke2 52. Qg2+ Kd3 53. Qxg7 e3 54. Qg6+ Kd2 55. Qb1 e2 56. Qb2+ Ke3 57. Qc1+ Kf3 58. Qh1+ Kf2 59. Kb2 e1=Q 60. Qxe1+ Kxe1 61. a4 Qd2+ 62. Ka3 Qc3 63. Ka2 Kd2 64. a5 Kc2 0-1


[Site "https://www.chess.com"]

[Event "Titled Tuesday Blitz January 10 Early 2023"]
[White "Osmak, Yuliia"]
[Black "Kazancev, Valerij M"]
[WhiteFideId "14101602"]
[BlackFideId "4179609"]
[WhiteElo "2440"]
[BlackElo "2313"]
[Result "1-0"]
[Round "11"]
[TimeControl "180+2"]
[Date "2023.01.10"]
[WhiteClock "0:01:32"]
[BlackClock "0:01:36"]

1. e4 g6 2. d4 Bg7 3. f4 e6 4. Nf3 Ne7 5. Bd3 d5 6. e5 b6 7. Qe2 a6 8. O-O c5 9. c3 Nbc6 10. Be3 c4 11. Bc2 b5 12. a3 h5 13. Nbd2 Nf5 14. Bf2 h4 15. g4 hxg3 16. hxg3 Nh6 17. Ng5 Ra7 18. Kg2 Re7 19. Rh1 Kd7 20. Rh3 Kc7 21. Rah1 Bd7 22. g4 Kb7 23. Be3 Ree8 24. Rxh6 Rxh6 25. Nxf7 Rxh1 26. Nxd8+ Nxd8 27. Kxh1 Rh8+ 28. Kg2 1-0


[Site "https://www.chess.com"]

[Event "Titled Tuesday Blitz January 10 Early 2023"]
[White "Sihite, Chelsie Monica Ignesias"]
[Black "Crevatin, Leo"]
[WhiteFideId "7101198"]
[BlackFideId "1726307"]
[WhiteElo "2266"]
[BlackElo "2292"]
[Result "0-1"]
[Round "11"]
[TimeControl "180+2"]
[Date "2023.01.10"]
[WhiteClock "0:00:49"]
[BlackClock "0:00:27"]

1. c4 e5 2. g3 Nc6 3. Bg2 Bc5 4. e3 d6 5. Ne2 a6 6. O-O Ba7 7. b3 h5 8. h3 h4 9. g4 f5 10. Nec3 Nf6 11. g5 Nh5 12. d4 Qxg5 13. Nd5 O-O 14. Nxc7 f4 15. Kh2 Rb8 16. Rg1 Kh8 17. Bxc6 Ng3 18. exf4 Qe7 19. fxg3 bxc6 20. Be3 Qxc7 21. Qh5+ Kg8 22. Qxh4 exd4 23. Bf2 Bf5 24. Nd2 Rbe8 25. Rae1 d3 26. g4 Bc8 27. Ne4 Bxf2 28. Qxf2 d5 29. Ng5 Rxe1 30. Rxe1 Rxf4 31. Qh4 Rf2+ 32. Kg1 Qh2# 0-1


[Site "https://www.chess.com"]

[Event "Titled Tuesday Blitz January 10 Early 2023"]
[White "Lymar, Vladislav"]
[Black "Ruge, Edison"]
[WhiteFideId "14162180"]
[BlackFideId "4401000"]
[WhiteElo "2119"]
[BlackElo "2201"]
[Result "1-0"]
[Round "11"]
[TimeControl "180+2"]
[Date "2023.01.10"]
[WhiteClock "0:00:34"]
[BlackClock "0:00:59"]

1. d4 Nf6 2. Nf3 g6 3. Nc3 d5 4. Bg5 Ne4 5. Bf4 Nxc3 6. bxc3 c6 7. c4 dxc4 8. e4 Be6 9. Ng5 Qa5+ 10. Bd2 c3 11. Be3 Bc8 12. Bc4 e6 13. Qf3 Qc7 14. Qf6 Rg8 15. Nxh7 Be7 16. Qf3 b5 17. Bd3 Nd7 18. e5 Bb7 19. Be4 Nb6 20. Nf6+ Bxf6 21. Qxf6 Nd5 22. Bxd5 cxd5 23. Bg5 b4 24. O-O a5 25. Rfb1 Rf8 26. a3 Kd7 27. axb4 Kc6 28. bxa5 Rxa5 29. Rxa5 Qxa5 30. Qe7 1-0


[Site "https://www.chess.com"]

[Event "Titled Tuesday Blitz January 10 Early 2023"]
[White "Qashashvili, Alexandre"]
[Black "Ibarra Jerez, Jose Carlos"]
[WhiteFideId "13600842"]
[BlackFideId "2226332"]
[WhiteElo "2505"]
[BlackElo "2563"]
[Result "1/2-1/2"]
[Round "11"]
[TimeControl "180+2"]
[Date "2023.01.10"]
[WhiteClock "0:00:09"]
[BlackClock "0:00:39"]

1. e4 c5 2. Nc3 a6 3. Nf3 b5 4. a3 Bb7 5. d3 e6 6. g3 d6 7. Bg2 Nf6 8. O-O Nbd7 9. Re1 Qc7 10. h3 Be7 11. Be3 O-O 12. Qd2 d5 13. exd5 exd5 14. d4 b4 15. axb4 cxb4 16. Ne2 Ne4 17. Qd3 Rac8 18. Rec1 Rfe8 19. Nd2 Nxd2 20. Qxd2 Qb6 21. c3 b3 22. Nf4 Nf6 23. Qe2 a5 24. Nh5 Ne4 25. Qg4 g6 26. Nf4 Bf8 27. Bxe4 dxe4 28. Qd7 Red8 29. Qa4 Ra8 30. Re1 Bc6 31. d5 Bxa4 32. Bxb6 Rdb8 33. Bc7 Rb7 34. Rxa4 Rxc7 35. Rexe4 Rb8 36. Rxa5 Bg7 37. Ne2 f5 38. Re3 Bf8 39. Rd3 Re8 40. Nd4 Re1+ 41. Kg2 Rb7 42. c4 Rc1 43. Ra8 Kf7 44. Nc6 Kg7 45. Nd8 Re7 46. Ne6+ Rxe6 47. dxe6 Bc5 48. Rd7+ Kf6 49. Re8 Rc2 50. e7 Rxf2+ 51. Kh1 Rf1+ 52. Kg2 Rf2+ 53. Kh1 Rf1+ 54. Kg2 Rf2+ 1/2-1/2


[Site "https://www.chess.com"]

[Event "Titled Tuesday Blitz January 10 Early 2023"]
[White "Ioannidis, Evgenios"]
[Black "Begunov, Konstantin"]
[WhiteFideId "4229274"]
[BlackFideId "4118510"]
[WhiteElo "2467"]
[BlackElo "2325"]
[Result "1-0"]
[Round "11"]
[TimeControl "180+2"]
[Date "2023.01.10"]
[WhiteClock "0:02:26"]
[BlackClock "0:01:26"]

1. d4 d5 2. c4 c6 3. Nc3 Nf6 4. cxd5 cxd5 5. Bf4 Nc6 6. e3 a6 7. Be2 Bg4 8. Bxg4 e6 9. Be2 Be7 10. Nf3 h6 11. O-O g5 12. Be5 Nxe5 13. Nxe5 Bd6 14. f4 gxf4 15. exf4 Qe7 16. Rc1 Rg8 17. Bh5 Rg7 18. f5 Ne4 19. Nxe4 dxe4 20. f6 1-0


[Site "https://www.chess.com"]

[Event "Titled Tuesday Blitz January 10 Early 2023"]
[White "Sai Han Thiha"]
[Black "Goryachkina, Aleksandra"]
[WhiteFideId "13012290"]
[BlackFideId "4147103"]
[WhiteElo "2070"]
[BlackElo "2571"]
[Result "0-1"]
[Round "11"]
[TimeControl "180+2"]
[Date "2023.01.10"]
[WhiteClock "0:00:04"]
[BlackClock "0:00:11"]

1. d4 Nf6 2. c4 e6 3. Nf3 d5 4. Nc3 Nbd7 5. Bg5 c6 6. e3 Qa5 7. Nd2 Bb4 8. Qc2 O-O 9. cxd5 Nxd5 10. Nc4 Bxc3+ 11. bxc3 Qxc3+ 12. Qxc3 Nxc3 13. Bd3 Nb6 14. Na5 h6 15. Be7 Re8 16. Bd6 Nb5 17. Bg3 Na4 18. Kd2 a6 19. Rhc1 f6 20. Bc4 Nb6 21. Bb3 Nd5 22. a4 Na7 23. Nc4 f5 24. Be5 Bd7 25. f3 Rad8 26. e4 fxe4 27. fxe4 Nf6 28. Ke3 Nc8 29. h3 Kh7 30. a5 Rf8 31. Rf1 Ne7 32. Bd6 Rfe8 33. Ne5 Ng6 34. Nxd7 Rxd7 35. e5 Nd5+ 36. Bxd5 exd5 37. g3 Kg8 38. h4 Nf8 39. h5 Rxd6 40. Kd3 Rd7 41. Rab1 Ne6 42. Rb2 Rf8 43. Rfb1 Rff7 44. Ke3 Kf8 45. Rb3 Ke8 46. R3b2 Kd8 47. Rb6 Kc8 48. R6b2 Rd8 49. Rc2 Rdf8 50. Rb6 Rf3+ 51. Kd2 Rf2+ 52. Kc1 Rxc2+ 53. Kxc2 Nxd4+ 54. Kd3 Ne6 0-1


[Site "https://www.chess.com"]